| TOP OF THE 1ST |
|
Lynchburg Hillcats batting - Pitching for Greensboro Hornets : RHP Zac Paris
|
|
Pitching: RHP Zac Paris
|
|
|
Batting: RHB Ken Dowell
|
0-0: Swinging Strike 0-1: Swinging Strike 0-2: Strikes out swinging
|
|
Batting: LHB Thad Reece
|
0-0: Ball 1-0: Ball 2-0: Foul Ball, location: 2F 2-1: Ball 3-1: Base on Balls
|
|
Batting: RHB Glenn Davis
|
0-0: Ball 1-0: Foul Ball, location: 2F 1-1: Ball 2-1: Ball 3-1: Swinging Strike 3-2: Base on Balls Thad Reece to second
|
|
Batting: RHB Kevin Buckley
|
0-0: Ball 1-0: Ball 2-0: Ball 3-0: Called Strike 3-1: Base on Balls Thad Reece to third Glenn Davis to second
|
|
Batting: RHB Kenneth Tillman
|
0-0: Ball 1-0: Reached on error, E4 (Line Drive, 4, EV 68.8 MPH) Thad Reece scores Glenn Davis to third Kevin Buckley to second
|
|
Batting: LHB Harold Warner
|
0-0: Ball 1-0: Ball 2-0: Swinging Strike 2-1: Swinging Strike 2-2: Strikes out swinging
|
|
Batting: RHB Frederic Wade
|
0-0: Ball 1-0: Swinging Strike 1-1: Swinging Strike 1-2: Foul Ball, location: 2F 1-2: Ball 2-2: Strikes out looking
|
| Top of the 1st over - 1 run, 0 hits, 1 error, 3 left on base; Lynchburg 1 - Greensboro 0 |
| BOTTOM OF THE 1ST |
|
Greensboro Hornets batting - Pitching for Lynchburg Hillcats : RHP Carlos Cruz
|
|
Pitching: RHP Carlos Cruz
|
|
|
Batting: RHB Douglas Foster
|
0-0: Foul Ball, location: 2F 0-1: Ball 1-1: Ball 2-1: Ball 3-1: Foul Ball, location: 2F 3-2: Foul Ball, location: 2F 3-2: Base on Balls
|
|
Batting: RHB Johnny Evans
|
0-0: Called Strike 0-1: Ball 1-1: Single, Error in OF, E9, batter to second base (Line Drive, 89S, EV 98.1 MPH) Douglas Foster to third
|
|
Batting: RHB Joe Citari
|
0-0: Foul Ball, location: 2F 0-1: Ball 1-1: Ball 2-1: Foul Ball, location: 2F 2-2: Ball 3-2: 3-RUN HOME RUN (Flyball, 7LD, EV 103.1 MPH), Distance : 363 ft
|
|
Batting: LHB Stephen DeMatties
|
0-0: Foul Ball, location: 2F 0-1: Ball 1-1: Hit by Pitch
|
|
Batting: SHB Valentino Primante
|
0-0: Ball 1-0: Fielders Choice at 2nd, 6-4 (Groundball, 56, EV 85.6 MPH)
|
|
Batting: RHB Lindon Duncan
|
0-0: Ball Valentino Primante steals 2nd, throwing error, E2 Valentino Primante to third 1-0: Ball 2-0: Ball 3-0: Base on Balls
|
|
Batting: RHB Jim Bishop
|
0-0: Ball 1-0: Ball 2-0: Ball 3-0: Called Strike 3-1: Base on Balls Lindon Duncan to second
|
|
Batting: RHB John Lohse
|
0-0: Called Strike 0-1: Foul Ball, location: 2F 0-2: DOUBLE (Groundball, 5L, EV 106.3 MPH) Valentino Primante scores Lindon Duncan scores Jim Bishop to third
|
|
Batting: RHB Jay Greb
|
0-0: Ball 1-0: Called Strike 1-1: Called Strike 1-2: Strikes out swinging
|
|
Batting: RHB Douglas Foster
|
0-0: Ball 1-0: Swinging Strike 1-1: Foul Ball, location: 2F 1-2: Ball 2-2: Ball 3-2: Foul Ball, location: 2F 3-2: Fly out, F8 (Flyball, 8RS, EV 91.9 MPH)
|
| Bottom of the 1st over - 5 runs, 3 hits, 2 errors, 2 left on base; Lynchburg 1 - Greensboro 5 |
| TOP OF THE 2ND |
|
Lynchburg Hillcats batting - Pitching for Greensboro Hornets : RHP Zac Paris
|
|
Batting: SHB Steve Scafa
|
0-0: Called Strike 0-1: Ball 1-1: Ball 2-1: Ball 3-1: Foul Ball, location: 2F 3-2: Base on Balls
|
|
Batting: RHB Felix Estrada
|
0-0: Swinging Strike 0-1: Swinging Strike 0-2: Ball 1-2: Ball 2-2: Foul Ball, location: 2F 2-2: Fly out, F8 (Line Drive, 8RM, EV 97.5 MPH)
|
|
Batting: RHB Ken Dowell
|
0-0: Ball 1-0: Ball 2-0: Grounds into double play, 4-6-3 (Groundball, 34, EV 105.6 MPH)
|
| Top of the 2nd over - 0 runs, 0 hits, 0 errors, 0 left on base; Lynchburg 1 - Greensboro 5 |
| BOTTOM OF THE 2ND |
|
Greensboro Hornets batting - Pitching for Lynchburg Hillcats : RHP Carlos Cruz
|
|
Batting: RHB Johnny Evans
|
0-0: Called Strike 0-1: Foul Ball, location: 2F 0-2: Ball 1-2: Strikes out looking
|
|
Batting: RHB Joe Citari
|
0-0: Foul Ball, location: 2F 0-1: Called Strike 0-2: Ball 1-2: Strikes out swinging
|
|
Batting: LHB Stephen DeMatties
|
0-0: DOUBLE (Flyball, 78D, EV 104.4 MPH)
|
|
Batting: SHB Valentino Primante
|
0-0: Foul Ball, location: 2F 0-1: Ball 1-1: Swinging Strike 1-2: Ball 2-2: Foul Ball, location: 2F 2-2: Foul Ball, location: 2F 2-2: Foul Ball, location: 2F 2-2: Ball 3-2: Strikes out swinging
|
| Bottom of the 2nd over - 0 runs, 1 hit, 0 errors, 1 left on base; Lynchburg 1 - Greensboro 5 |
| TOP OF THE 3RD |
|
Lynchburg Hillcats batting - Pitching for Greensboro Hornets : RHP Zac Paris
|
|
Batting: LHB Thad Reece
|
0-0: Ball 1-0: Ball 2-0: Foul Ball, location: 2F 2-1: Fly out, F8 (Flyball, 8LM, EV 80.6 MPH)
|
|
Batting: RHB Glenn Davis
|
0-0: Called Strike 0-1: Called Strike 0-2: Fly out, F8 (Flyball, 8RXD, EV 79.4 MPH)
|
|
Batting: RHB Kevin Buckley
|
0-0: Ball 1-0: Foul Ball, location: 2F 1-1: Called Strike 1-2: Strikes out swinging
|
| Top of the 3rd over - 0 runs, 0 hits, 0 errors, 0 left on base; Lynchburg 1 - Greensboro 5 |
| BOTTOM OF THE 3RD |
|
Greensboro Hornets batting - Pitching for Lynchburg Hillcats : RHP Carlos Cruz
|
|
Batting: RHB Lindon Duncan
|
0-0: Foul Ball, location: 2F 0-1: Ball 1-1: SINGLE (Groundball, 6D, EV 108.8 MPH)
|
|
Batting: RHB Jim Bishop
|
0-0: Called Strike 0-1: Ball 1-1: Ball 2-1: Ball 3-1: Called Strike 3-2: Fly out, F9 (Flyball, 9S, EV 81.9 MPH)
|
|
Batting: RHB John Lohse
|
0-0: Ball 1-0: Called Strike 1-1: Ball 2-1: Foul Ball, location: 2F 2-2: Foul Ball, location: 2F 2-2: Ball 3-2: Foul Ball, location: 2F 3-2: Strikes out looking
|
|
Batting: RHB Jay Greb
|
Pickoff Throw to First - Error! E1 Lindon Duncan to second 0-0: Foul Ball, location: 2F 0-1: Ground out 4-3 (Groundball, 4, EV 78.8 MPH)
|
| Bottom of the 3rd over - 0 runs, 1 hit, 1 error, 1 left on base; Lynchburg 1 - Greensboro 5 |
| TOP OF THE 4TH |
|
Lynchburg Hillcats batting - Pitching for Greensboro Hornets : RHP Zac Paris
|
|
Batting: RHB Kenneth Tillman
|
0-0: Ground out 1-3 (Groundball, 13, EV 66.9 MPH)
|
|
Batting: LHB Harold Warner
|
0-0: Fly out, F9 (Flyball, 89D, EV 108.1 MPH)
|
|
Batting: RHB Frederic Wade
|
0-0: Called Strike 0-1: Ball 1-1: Ball 2-1: Foul Ball, location: 2F 2-2: Ball 3-2: Base on Balls
|
|
Batting: SHB Steve Scafa
|
0-0: Ball 1-0: Called Strike 1-1: Foul Ball, location: 2F 1-2: Foul Ball, location: 2F 1-2: Strikes out swinging
|
| Top of the 4th over - 0 runs, 0 hits, 0 errors, 1 left on base; Lynchburg 1 - Greensboro 5 |
| BOTTOM OF THE 4TH |
|
Greensboro Hornets batting - Pitching for Lynchburg Hillcats : RHP Carlos Cruz
|
|
Batting: RHB Douglas Foster
|
0-0: Ball 1-0: Called Strike 1-1: Ground out 6-3 (Groundball, 6S, EV 68.1 MPH)
|
|
Batting: RHB Johnny Evans
|
0-0: Ball 1-0: Called Strike 1-1: Foul Ball, location: 2F 1-2: Strikes out swinging
|
|
Batting: RHB Joe Citari
|
0-0: Called Strike 0-1: Ball 1-1: Foul Ball, location: 2F 1-2: Foul Ball, location: 2F 1-2: Ground out 5-3 (Groundball, 56, EV 84.4 MPH)
|
| Bottom of the 4th over - 0 runs, 0 hits, 0 errors, 0 left on base; Lynchburg 1 - Greensboro 5 |
| TOP OF THE 5TH |
|
Lynchburg Hillcats batting - Pitching for Greensboro Hornets : RHP Zac Paris
|
|
Batting: RHB Felix Estrada
|
0-0: Fly out, F8 (Flyball, 8RD, EV 100.0 MPH)
|
|
Batting: RHB Ken Dowell
|
0-0: Ground out 4-3 (Groundball, 34, EV 99.4 MPH)
|
|
Batting: LHB Thad Reece
|
0-0: Ball 1-0: Foul Ball, location: 2F 1-1: Foul Ball, location: 2F 1-2: Ground out 6-3 (Groundball, 6M, EV 84.4 MPH)
|
| Top of the 5th over - 0 runs, 0 hits, 0 errors, 0 left on base; Lynchburg 1 - Greensboro 5 |
| BOTTOM OF THE 5TH |
|
Greensboro Hornets batting - Pitching for Lynchburg Hillcats : RHP Carlos Cruz
|
|
Batting: LHB Stephen DeMatties
|
0-0: Called Strike 0-1: Foul Ball, location: 2F 0-2: Ball 1-2: Ball 2-2: SINGLE (Groundball, 34D, EV 110.6 MPH)
|
|
Pitching: RHP Mike Alvarez
|
|
|
Batting: SHB Valentino Primante
|
0-0: Ball 1-0: Swinging Strike 1-1: Foul Ball, location: 2F 1-2: Foul Ball, location: 2F 1-2: Ball 2-2: Foul Ball, location: 2F 2-2: Ball 3-2: Fielders Choice at 2nd, 4-6 (Groundball, 4, EV 101.9 MPH)
|
|
Batting: RHB Lindon Duncan
|
0-0: Ball 1-0: Foul Ball, location: 2F 1-1: Fly out, F3 (Flyball, 3D, EV 92.5 MPH)
|
|
Batting: RHB Jim Bishop
|
0-0: Called Strike 0-1: Ball 1-1: Ball 2-1: Ball 3-1: Base on Balls Valentino Primante to second
|
|
Batting: RHB John Lohse
|
0-0: Ball 1-0: Called Strike 1-1: Ball 2-1: Ball 3-1: Foul Ball, location: 2F 3-2: SINGLE (Groundball, 56D, EV 99.4 MPH) (infield hit) Valentino Primante to third Jim Bishop to second
|
|
Batting: RHB Jay Greb
|
0-0: Called Strike 0-1: Foul Ball, location: 2F 0-2: Foul Ball, location: 2F 0-2: Foul Ball, location: 2F 0-2: Foul Ball, location: 2F 0-2: Strikes out swinging
|
| Bottom of the 5th over - 0 runs, 2 hits, 0 errors, 3 left on base; Lynchburg 1 - Greensboro 5 |
| TOP OF THE 6TH |
|
Lynchburg Hillcats batting - Pitching for Greensboro Hornets : RHP Zac Paris
|
|
Batting: RHB Glenn Davis
|
0-0: Called Strike 0-1: Ball 1-1: Foul Ball, location: 2F 1-2: Ball 2-2: Ball 3-2: Base on Balls
|
|
Batting: RHB Kevin Buckley
|
0-0: Ball 1-0: Ball 2-0: Called Strike 2-1: Ball 3-1: Called Strike 3-2: Foul Ball, location: 2F 3-2: Base on Balls Glenn Davis to second
|
|
Batting: RHB Kenneth Tillman
|
0-0: Ball 1-0: Ball 2-0: Ball 3-0: 3-RUN HOME RUN (Flyball, 78XD, EV 88.1 MPH), Distance : 418 ft
|
|
Batting: LHB Harold Warner
|
0-0: Ball 1-0: Ground out 4-3 (Groundball, 34, EV 88.8 MPH)
|
|
Batting: RHB Frederic Wade
|
0-0: Ball 1-0: Ball 2-0: Called Strike 2-1: Ball 3-1: Base on Balls
|
|
Batting: SHB Steve Scafa
|
0-0: Called Strike 0-1: Ball 1-1: Ball 2-1: Called Strike 2-2: Foul Ball, location: 2F 2-2: Ball 3-2: Foul Ball, location: 2F 3-2: Base on Balls Frederic Wade to second
|
|
Batting: RHB Felix Estrada
|
0-0: Ground out 5-3 (Groundball, 5L, EV 83.8 MPH) Frederic Wade to third Steve Scafa to second
|
|
Batting: RHB Ken Dowell
|
0-0: Called Strike 0-1: Ground out 5-3 (Groundball, 5, EV 83.1 MPH)
|
| Top of the 6th over - 3 runs, 1 hit, 0 errors, 2 left on base; Lynchburg 4 - Greensboro 5 |
| BOTTOM OF THE 6TH |
|
Greensboro Hornets batting - Pitching for Lynchburg Hillcats : RHP Mike Alvarez
|
|
Batting: RHB Douglas Foster
|
0-0: Foul Ball, location: 2F 0-1: SINGLE (Line Drive, 89S, EV 88.8 MPH)
|
|
Batting: RHB Johnny Evans
|
0-0: Ball 1-0: Ball 2-0: Called Strike 2-1: Ball 3-1: Fly out, F2 (Popup, 23F, EV 76.9 MPH)
|
|
Batting: RHB Joe Citari
|
0-0: Ball Douglas Foster steals 2nd base (no throw) 1-0: Foul Ball, location: 2F 1-1: Ball 2-1: Called Strike 2-2: Ground out 1-3 (Groundball, 13, EV 85.6 MPH) Douglas Foster to third
|
|
Batting: LHB Stephen DeMatties
|
0-0: Ball 1-0: Called Strike 1-1: Called Strike 1-2: Foul Ball, location: 2F 1-2: Ball 2-2: Ball 3-2: Fly out, F8 (Flyball, 78M, EV 84.4 MPH)
|
| Bottom of the 6th over - 0 runs, 1 hit, 0 errors, 1 left on base; Lynchburg 4 - Greensboro 5 |
| TOP OF THE 7TH |
|
Lynchburg Hillcats batting - Pitching for Greensboro Hornets : RHP Zac Paris
|
|
Batting: LHB Thad Reece
|
0-0: Called Strike 0-1: Ball 1-1: Swinging Strike 1-2: Foul Ball, location: 2F 1-2: Ball 2-2: Ball 3-2: Base on Balls
|
|
Batting: RHB Glenn Davis
|
0-0: Ball 1-0: Ball 2-0: Ball 3-0: Called Strike 3-1: Base on Balls Thad Reece to second
|
|
Batting: RHB Kevin Buckley
|
0-0: Ball 1-0: Foul Ball, location: 2F 1-1: 3-RUN HOME RUN (Flyball, 7D, EV 102.5 MPH), Distance : 384 ft
|
|
Pitching: LHP Mel Estrada
|
|
|
Batting: RHB Kenneth Tillman
|
0-0: Ball 1-0: Foul Ball, location: 2F 1-1: Swinging Strike 1-2: Strikes out swinging
|
|
Batting: LHB Harold Warner
|
0-0: Called Strike 0-1: Foul Ball, location: 2F 0-2: Ball 1-2: Strikes out swinging
|
|
Batting: RHB Frederic Wade
|
0-0: Ball 1-0: Ball 2-0: Ball 3-0: Base on Balls
|
|
Batting: SHB Steve Scafa
|
0-0: Ball 1-0: Swinging Strike 1-1: Called Strike 1-2: Ball 2-2: Strikes out swinging
|
| Top of the 7th over - 3 runs, 1 hit, 0 errors, 1 left on base; Lynchburg 7 - Greensboro 5 |
| BOTTOM OF THE 7TH |
|
Greensboro Hornets batting - Pitching for Lynchburg Hillcats : RHP Mike Alvarez
|
|
Batting: SHB Valentino Primante
|
0-0: Called Strike 0-1: Ball 1-1: Ball 2-1: Swinging Strike 2-2: SINGLE (Flyball, 8RS, EV 90.0 MPH)
|
|
Batting: RHB Lindon Duncan
|
0-0: Bunted foul 0-1: Sac Bunt to 13 - play at first, batter OUT! 1-4 Valentino Primante to second
|
|
Batting: RHB Jim Bishop
|
0-0: Ball 1-0: Swinging Strike 1-1: Ground out 6-3 (Groundball, 6, EV 78.1 MPH) Valentino Primante to third
|
|
Batting: RHB John Lohse
|
0-0: Ball 1-0: Swinging Strike 1-1: Ball 2-1: Ball 3-1: Foul Ball, location: 2F 3-2: Base on Balls
|
|
Batting: RHB Jay Greb
|
0-0: Swinging Strike 0-1: Ball 1-1: Ball 2-1: Fielders Choice at 2nd, 5-4 (Groundball, 5L, EV 110.6 MPH)
|
| Bottom of the 7th over - 0 runs, 1 hit, 0 errors, 2 left on base; Lynchburg 7 - Greensboro 5 |
| TOP OF THE 8TH |
|
Lynchburg Hillcats batting - Pitching for Greensboro Hornets : LHP Mel Estrada
|
|
Batting: RHB Felix Estrada
|
0-0: Ball 1-0: Called Strike 1-1: Foul Ball, location: 2F 1-2: Strikes out looking
|
|
Batting: RHB Ken Dowell
|
0-0: Called Strike 0-1: Foul Ball, location: 2F 0-2: Ball 1-2: Ball 2-2: Ball 3-2: Ground out U3 (Groundball, 3, EV 102.5 MPH)
|
|
Batting: LHB Thad Reece
|
0-0: Foul Ball, location: 2F 0-1: Foul Ball, location: 2F 0-2: Foul Ball, location: 2F 0-2: Foul Ball, location: 2F 0-2: Foul Ball, location: 2F 0-2: Fly out, F7 (Flyball, 7LD, EV 110.0 MPH)
|
| Top of the 8th over - 0 runs, 0 hits, 0 errors, 0 left on base; Lynchburg 7 - Greensboro 5 |
| BOTTOM OF THE 8TH |
|
Greensboro Hornets batting - Pitching for Lynchburg Hillcats : RHP Mike Alvarez
|
|
Batting: RHB Douglas Foster
|
0-0: Swinging Strike 0-1: Swinging Strike 0-2: Ball 1-2: Ground out 5-3 (Groundball, 5, EV 106.3 MPH)
|
|
Batting: RHB Johnny Evans
|
0-0: Called Strike 0-1: Ball 1-1: Ball 2-1: Ball 3-1: Foul Ball, location: 2F 3-2: Foul Ball, location: 2F 3-2: Fly out, F9 (Line Drive, 9, EV 102.5 MPH)
|
|
Batting: RHB Joe Citari
|
0-0: Swinging Strike 0-1: Ball 1-1: Foul Ball, location: 2F 1-2: Strikes out looking
|
| Bottom of the 8th over - 0 runs, 0 hits, 0 errors, 0 left on base; Lynchburg 7 - Greensboro 5 |
| TOP OF THE 9TH |
|
Lynchburg Hillcats batting - Pitching for Greensboro Hornets : LHP Mel Estrada
|
|
Pitching: RHP Tony Brizzolara
|
|
|
Batting: RHB Glenn Davis
|
0-0: Fly out, F8 (Line Drive, 8LM, EV 96.9 MPH)
|
|
Batting: RHB Kevin Buckley
|
0-0: SOLO HOME RUN (Flyball, 78XD, EV 95.6 MPH), Distance : 418 ft
|
|
Batting: RHB Kenneth Tillman
|
0-0: SOLO HOME RUN (Line Drive, 7D, EV 100.0 MPH), Distance : 379 ft
|
|
Batting: LHB Harold Warner
|
0-0: Called Strike 0-1: Ball 1-1: DOUBLE (Line Drive, 5D, EV 109.4 MPH)
|
|
Batting: RHB Frederic Wade
|
0-0: Ball 1-0: Foul Ball, location: 2F 1-1: Ball 2-1: Ball 3-1: Fly out, F8 (Flyball, 8RM, EV 87.5 MPH)
|
|
Batting: SHB Steve Scafa
|
0-0: Ball 1-0: Foul Ball, location: 2F 1-1: Swinging Strike 1-2: Foul Ball, location: 2F 1-2: Ball 2-2: Fly out, F8 (Flyball, 8LM, EV 83.8 MPH)
|
| Top of the 9th over - 2 runs, 3 hits, 0 errors, 1 left on base; Lynchburg 9 - Greensboro 5 |
| BOTTOM OF THE 9TH |
|
Greensboro Hornets batting - Pitching for Lynchburg Hillcats : RHP Mike Alvarez
|
|
Batting: LHB Stephen DeMatties
|
0-0: Ground out 1-3 (Groundball, P, EV 71.9 MPH)
|
|
Batting: SHB Valentino Primante
|
0-0: Foul Ball, location: 2F 0-1: Ball 1-1: Ball 2-1: Fly out, F8 (Flyball, 8LD, EV 103.8 MPH)
|
|
Batting: RHB Lindon Duncan
|
0-0: SINGLE (Line Drive, 78S, EV 110.0 MPH)
|
|
Pitching: RHP Kevin Richards
|
|
|
Batting: RHB Jim Bishop
|
0-0: Ball 1-0: Called Strike 1-1: Ball 2-1: Foul Ball, location: 2F 2-2: SINGLE (Groundball, 25, EV 66.9 MPH) (infield hit) Lindon Duncan to second
|
|
Batting: RHB John Lohse
|
0-0: Swinging Strike 0-1: Fly out, F9 (Line Drive, 9, EV 88.8 MPH)
|
| Bottom of the 9th over - 0 runs, 2 hits, 0 errors, 2 left on base; Lynchburg 9 - Greensboro 5 |
|